Map: Kairos Junction LE

Players

DijiDiji - Winner!

  • Race: Terran Terran
  • Spawn Location: 5:00

llllllllllll

  • Race: Terran Terran
  • League: Master
  • Spawn Location: 11:00

VOD

Have the link to the VOD?

Description

Time

  • Played on: Jan. 22, 2019, 3:26 p.m.
  • Length: 25:41
Show
View Real Time Build Order
Export as new Build Order

DijiDiji Terran - Winner!

Build Orders: Gas First Reaper Expand 

Get SALT Encoding   

  12  0:00  SCV  
  13  0:12  SCV  
  14  0:16  Supply Depot  
  14  0:24  SCV  
  14  0:27  Refinery  
  15  0:38  SCV  
  16  0:45  Barracks  
  16  0:50  SCV  
  17  1:02  SCV  
  18  1:20  SCV  
  19  1:37  Reaper, Orbital Command  
  20  1:48  Command Center  
  20  2:02  Factory  
  20  2:04  SCV  
  21  2:09  Refinery  
  21  2:12  Barracks Reactor  
  21  2:19  SCV  
  22  2:23  Supply Depot  
  22  2:31  SCV  
  23  2:44  SCV  
  23  2:45  Factory Tech Lab  
  23  2:51  Marine x2  
  24  2:57  SCV  
  27  3:01  Orbital Command  
  27  3:04  Cyclone  
  30  3:09  Marine, SCV  
  30  3:11  Marine  
  33  3:17  Starport  
  33  3:24  SCV  
  34  3:28  Marine  
  34  3:29  Marine  
  34  3:31  SCV  
  37  3:37  Supply Depot  
  37  3:42  SCV  
  37  3:44  Factory Tech Lab  
  38  3:49  Marine x2, SCV  
  38  3:54  SCV  
  42  4:01  SCV  
  43  4:06  Raven  
  43  4:08  SCV  
  46  4:10  Siege Tank, Marine  
  46  4:11  Supply Depot, Marine  
  51  4:20  SCV  
  51  4:25  SCV  
  51  4:28  Marine x2  
  54  4:35  Supply Depot  
  54  4:38  SCV  
  55  4:40  Command Center  
  55  4:43  Siege Tank  
  55  4:45  SCV  
  59  4:49  Marine x2  
  59  4:51  Barracks  
  61  4:54  SCV  
  61  4:58  SCV  
  61  4:59  Starport Reactor  
  63  5:01  Supply Depot  
  63  5:07  Barracks  
  63  5:09  SCV  
  63  5:10  Marine x2, SCV  
  67  5:14  Refinery  
  67  5:15  Refinery  
  67  5:22  Siege Tank  
  67  5:27  Marine  
  67  5:28  Marine, SCV x2  
  74  5:40  SCV  
  74  5:44  SCV  
  74  5:45  Marine  
  74  5:46  Marine  
  77  5:52  Marine, SCV  
  77  5:54  Stimpack, Orbital Command  
  77  5:55  Siege Tank  
  77  5:56  SCV  
  83  6:01  Starport Reactor  
  83  6:03  Marine  
  84  6:04  SCV  
  84  6:06  Marine x3  
  84  6:08  SCV  
  89  6:16  SCV  
  90  6:20  Engineering Bay x2, SCV  
  90  6:23  Supply Depot x2, SCV  
  90  6:25  Supply Depot  
  92  6:28  SCV  
  93  6:34  Marine  
  93  6:44  Siege Tank, Marine x4, SCV  
  100  6:47  SCV x2  
  100  6:48  Medivac x2  
  100  6:49  Terran Infantry Weapons Level 1  
  100  6:51  Terran Infantry Armor Level 1  
  100  6:52  Marine  
  107  6:59  SCV  
  107  7:00  SCV x2  
  110  7:01  Marine  
  110  7:02  Marine  
  110  7:04  Supply Depot x2  
  110  7:05  Supply Depot  
  111  7:12  SCV  
  111  7:16  Marine x3, SCV  
  111  7:19  Marine  
  116  7:24  SCV  
  116  7:25  Orbital Command  
  115  7:30  SCV  
  115  7:36  SCV  
  116  7:37  Supply Depot x2  
  116  7:39  Marine x3  
  116  7:40  Siege Tank, Barracks, Marine  
  116  7:42  Barracks, SCV  
  124  7:48  Medivac x2  
  124  7:49  Marine  
  129  7:53  SCV x2  
  129  7:54  Combat Shield  
  131  8:04  Marine  
  131  8:05  Marine x2  
  134  8:06  SCV x2  
  134  8:09  SCV  
  134  8:10  Armory  
  134  8:18  SCV  
  135  8:21  Marine, SCV x2  
  135  8:22  Siege Tank, Marine x3, Medivac x2  
  148  8:30  Marine, SCV  
  148  8:33  Barracks Reactor x2  
  146  8:36  Factory  
  146  8:39  Factory, Marine x2  
  146  8:40  Marine x2  
  150  8:48  Marine  
  137  8:57  Marine x2, Thor  
  137  8:58  Marine x2, Viking x2  
  144  9:13  Marine  
  143  9:18  Marine  
  143  9:19  Marine, Terran Infantry Weapons Level 2  
  143  9:20  Marine x5  
  147  9:34  Terran Infantry Armor Level 2, SCV x3  
  140  9:46  SCV x2  
  140  9:49  SCV  
  140  9:51  Marine x5  
  140  9:52  Marine x4  
  152  9:53  Siege Tank  
  152  9:58  SCV x2  
  148  10:01  SCV  
  148  10:04  Medivac  
  151  10:07  Refinery  
  151  10:08  Refinery  
  151  10:09  Marine x3  
  151  10:10  SCV  
  151  10:12  Marine  
  151  10:13  Supply Depot x2, Marine  
  157  10:14  Supply Depot  
  157  10:15  Supply Depot  
  157  10:18  Marine x2  
  157  10:21  Marine  
  157  10:29  Marine  
  157  10:30  Supply Depot  
  157  10:31  Supply Depot x2  
  157  10:33  Factory Tech Lab  
  157  10:34  Siege Tank, Marine x5  
  165  10:36  Supply Depot  
  165  10:39  Supply Depot, Terran Vehicle Weapons Level 1  
  165  10:43  Supply Depot  
  165  10:47  Marine  
  165  10:49  Marine x3  
  169  10:51  Medivac x2  
  169  10:52  Marine x2, SCV x3  
  178  11:03  Supply Depot  
  178  11:05  Supply Depot x2  
  178  11:07  Marine x6  
  178  11:08  Marine  
  178  11:10  Marine x2  
  186  11:16  Siege Tank  
  186  11:17  Siege Tank  
  179  11:32  Marine  
  152  11:33  Marine  
  152  11:36  Marine  
  152  11:37  Marine x6  
  149  11:45  Sensor Tower  
  149  11:49  Marine  
  149  11:50  Terran Infantry Weapons Level 3  
  149  11:51  Marine  
  149  11:53  Terran Infantry Armor Level 3  
  149  11:54  Marine  
  151  11:55  Marine x2  
  154  12:07  Marine x5  
  159  12:09  Marine  
  159  12:11  Marine  
  159  12:12  Sensor Tower  
  159  12:13  Marine x2  
  152  12:38  Marine  
  131  12:51  Marine x8  
  114  12:54  SCV x2  
  114  12:55  Marine  
  124  13:06  Siege Tank  
  124  13:07  Siege Tank  
  124  13:09  Marine x8  
  138  13:13  Marine  
  138  13:14  Orbital Command  
  129  13:26  Command Center  
  127  13:29  Marine x2  
  127  13:33  Marine x7  
  136  13:34  Medivac  
  136  13:37  Liberator  
  138  13:47  Liberator, Marine x2  
  140  13:51  Marine x4  
  140  13:52  Siege Tank x2  
  153  14:01  Refinery x2  
  153  14:06  Marine x5  
  153  14:09  Marine  
  161  14:12  Marine x3  
  164  14:24  Marine x3  
  164  14:29  Marine  
  167  14:35  Marine x4  
  167  14:36  Marine  
  167  14:37  Siege Tank, Medivac  
  166  14:42  Marine x3  
  169  14:47  Marine, Medivac  
  162  15:01  Marine  
  162  15:02  Marine x6  
  168  15:14  Marine x2  
  168  15:15  Command Center  
  168  15:17  Siege Tank x2, Medivac  
  168  15:18  Medivac  
  168  15:19  Marine x5  
  168  15:20  Marine x2  
  187  15:32  Marine x2  
  189  15:37  Marine x5  
  189  15:40  Marine x2  
  189  15:44  SCV x3  
  189  15:47  Neosteel Armor  
  189  15:48  Hi-Sec Auto Tracking  
  189  15:49  Siege Tank x2, Marine  
  195  15:50  Marine, Orbital Command  
  195  15:55  Marine x3  
  200  15:57  Missile Turret  
  193  16:19  Marine x4  
  193  16:20  Marine  
  193  16:24  Marine  
  184  16:26  Marine x3  
  173  16:37  Marine x4  
  173  16:38  Marine  
  175  16:42  Marine  
  175  16:44  Marine  
  159  16:55  Marine  
  159  16:56  Marine x6  
  159  16:59  Marine  
  156  17:02  Marine  
  156  17:06  Siege Tank  
  156  17:07  Siege Tank, Medivac x2  
  153  17:13  Marine x5  
  153  17:14  Marine x2  
  160  17:17  Marine  
  160  17:19  Marine  
  148  17:31  Marine x6  
  148  17:32  Marine  
  148  17:34  Barracks x2  
  148  17:35  Marine, Barracks  
  156  17:37  Marine  
  156  17:39  Refinery  
  156  17:42  Refinery  
  156  17:49  Marine x7  
  161  17:56  Marine x2  
  161  17:57  Planetary Fortress  
  157  18:04  Starport  
  157  18:06  Fusion Core  
  157  18:23  Marine  
  157  18:24  Marine x7  
  161  18:30  Marine  
  161  18:34  Missile Turret x2  
  162  18:44  Missile Turret  
  158  18:58  Marine x7  
  158  18:59  Marine, Barracks Reactor  
  158  19:00  Marine, Barracks Reactor x2  
  158  19:01  Siege Tank x2  
  158  19:02  Viking x2  
  177  19:04  Starport Reactor  
  177  19:06  Starport Tech Lab, Starport  
  174  19:17  Marine x8  
  174  19:18  Marine  
  183  19:32  Viking x2  
  183  19:33  Siege Tank  
  183  19:34  Siege Tank  
  183  19:35  Marine  
  183  19:36  Command Center  
  194  19:39  Command Center  
  194  19:47  Marine  
  194  19:50  Marine x5  
  194  19:52  Starport Reactor  
  200  19:53  Advanced Ballistics  
  192  20:10  Marine x8  
  200  20:26  Marine x5  
  189  20:30  Viking  
  189  20:31  Viking x4  
  198  20:37  Marine  
  194  20:45  Liberator x3  
  194  20:47  Refinery  
  190  20:59  Refinery  
  190  21:00  Refinery  
  190  21:03  Planetary Fortress  
  199  21:08  Missile Turret x2  
  199  21:09  Liberator  
  199  21:10  Missile Turret  
  199  21:11  Planetary Fortress  
  195  21:24  Marine x9  
  195  21:25  Siege Tank, Marine x3  
  195  21:26  Viking  
  195  21:28  Liberator  
  190  21:39  Siege Tank  
  193  21:45  Viking  
  198  21:52  Liberator, Refinery x2  
  198  22:01  Command Center  
  198  22:02  Missile Turret x2  
  198  22:03  Marine x3  
  198  22:06  Viking x2  
  195  22:11  Liberator  
  198  22:15  Viking  
  188  22:36  Banshee, Viking  
  191  22:39  Marine x8  
  191  22:40  Marine  
  197  22:57  Marine x5  
  188  22:59  Marine x2  
  188  23:00  Liberator  
  188  23:01  Marine x6  
  188  23:02  Liberator  
  188  23:05  Viking x2  
  176  23:14  Marine  
  176  23:15  Marine  
  176  23:16  Marine x5  
  176  23:17  Siege Tank, Marine x2, Viking  
  176  23:18  Liberator x2  
  176  23:19  Marine x6  
  170  23:25  Siege Tank  
  163  23:32  Marine  
  163  23:33  Marine x6  
  170  23:35  Marine x2  
  170  23:36  Planetary Fortress  
  170  23:37  Marine x6  
  170  23:38  Missile Turret, SCV  
  170  23:39  SCV  
  179  23:43  Liberator  
  179  23:45  Cloaking Field  
  179  23:47  Viking  
  179  23:49  Siege Tank  
  179  23:50  Marine  
  179  23:51  Marine x3  
  179  23:53  Marine x5  
  179  23:54  Marine  
  179  23:55  Marine x5  
  195  24:00  Missile Turret  
  195  24:02  Viking  
  198  24:08  Marine  
  198  24:09  Marine x3  
  198  24:11  Marine x2  
  198  24:12  Marine  
  180  24:23  Marine  
  180  24:24  Marine x4  
  177  24:28  Marine x8  
  177  24:29  Marine  
  190  24:32  Marine  
  190  24:33  Siege Tank x2  
  197  24:41  Marine  
  197  24:42  Marine x2  
  199  24:56  Marine  
  199  24:58  Marine  
  199  24:59  Marine x5  
  192  25:12  Marine x7  
  192  25:13  Marine  
Show
View Real Time Build Order
Export as new Build Order

llllllllllll Terran 

Build Orders: Liberator Opening 

Get SALT Encoding   

  12  0:02  SCV  
  13  0:14  SCV  
  14  0:17  Supply Depot  
  14  0:26  SCV  
  15  0:30  Refinery  
  15  0:39  SCV  
  16  0:45  Barracks  
  16  0:51  SCV  
  16  0:55  Refinery  
  17  1:03  SCV  
  18  1:15  SCV  
  19  1:33  Orbital Command  
  19  1:34  Factory  
  19  1:36  Reaper  
  20  1:50  Supply Depot  
  20  1:58  SCV  
  21  2:08  Reaper  
  21  2:10  SCV  
  23  2:21  Hellion  
  26  2:22  SCV  
  26  2:33  Command Center  
  26  2:36  SCV  
  27  2:41  Reaper  
  27  2:44  Hellion  
  30  2:48  SCV  
  30  2:51  Supply Depot  
  31  3:05  Factory Tech Lab  
  31  3:06  Starport  
  32  3:12  SCV  
  32  3:14  Barracks Reactor  
  32  3:24  SCV  
  33  3:29  Cyclone  
  36  3:38  SCV  
  35  3:50  SCV  
  35  3:51  Liberator, Marine x2  
  35  3:53  Orbital Command  
  38  3:56  Supply Depot  
  38  4:02  SCV  
  39  4:07  Siege Tank  
  45  4:14  Marine x2, SCV  
  48  4:20  Supply Depot, SCV  
  49  4:26  SCV  
  50  4:32  SCV  
  50  4:33  Refinery  
  50  4:34  Marine x2  
  53  4:38  SCV  
  53  4:43  Supply Depot  
  53  4:44  Siege Tank, SCV  
  58  4:50  SCV  
  59  4:56  SCV  
  60  5:02  SCV  
  60  5:03  Marine x2  
  63  5:08  Command Center, SCV  
  63  5:12  Supply Depot  
  64  5:15  Starport Tech Lab, SCV  
  64  5:16  Siege Tank  
  64  5:20  SCV  
  69  5:21  Marine x2  
  69  5:27  SCV  
  70  5:32  SCV  
  68  5:39  SCV  
  66  5:46  Supply Depot  
  66  5:47  Viking x2  
  66  5:48  Stimpack  
  70  5:50  SCV  
  70  5:51  SCV  
  70  5:53  Refinery, Siege Tank  
  75  6:00  Marine  
  75  6:02  SCV  
  77  6:04  Engineering Bay, SCV  
  77  6:08  Engineering Bay  
  78  6:12  Supply Depot  
  78  6:14  SCV  
  78  6:17  Viking  
  78  6:18  Viking  
  83  6:20  SCV  
  84  6:27  SCV  
  84  6:30  Marine  
  84  6:32  Siege Tank, SCV  
  90  6:39  SCV  
  91  6:44  SCV  
  92  6:50  Viking x2  
  92  6:52  Orbital Command  
  97  6:54  SCV  
  97  6:58  Barracks  
  97  6:59  Barracks  
  97  7:00  Marine  
  97  7:12  SCV  
  97  7:15  Liberator x2, Siege Tank  
  101  7:16  SCV  
  106  7:30  SCV  
  106  7:33  SCV  
  106  7:34  SCV  
  106  7:36  Refinery  
  106  7:37  Supply Depot  
  111  7:38  Terran Infantry Weapons Level 1, Supply Depot, Terran Infantry Armor Level 1  
  111  7:42  SCV  
  112  7:46  SCV  
  113  7:52  SCV  
  113  7:53  Barracks Reactor x2  
  113  7:55  SCV  
  113  7:57  Barracks  
  115  7:58  Barracks  
  115  8:03  SCV  
  115  8:04  Marine, SCV  
  118  8:08  SCV  
  118  8:11  Refinery  
  119  8:15  SCV, Viking x2  
  119  8:16  SCV  
  125  8:23  SCV  
  123  8:29  Marine  
  123  8:30  Marine x3  
  123  8:32  SCV x2  
  123  8:33  Marine  
  128  8:38  Siege Tank  
  123  8:44  Marine  
  123  8:46  Barracks Reactor  
  123  8:47  Marine  
  125  9:12  Supply Depot x2  
  125  9:13  Supply Depot  
  125  9:14  Supply Depot  
  122  9:26  Barracks Reactor  
  122  9:28  Supply Depot x2  
  122  9:29  Supply Depot  
  122  9:32  Supply Depot  
  122  9:34  Command Center  
  122  9:36  Command Center  
  120  9:51  Siege Tank, Marine x3  
  126  9:53  Marine x4  
  126  9:56  Medivac x2  
  128  10:02  Marine x2  
  128  10:04  SCV  
  127  10:08  Marine  
  127  10:09  Marine x2  
  127  10:10  SCV  
  131  10:16  SCV  
  131  10:19  Combat Shield  
  132  10:23  Marine x2  
  134  10:40  Armory  
  134  10:41  Supply Depot  
  134  10:46  Refinery, Siege Tank, Marine x3, Medivac x2, SCV x2  
  134  10:48  Refinery, Command Center  
  134  10:49  Sensor Tower  
  146  10:50  Orbital Command x2  
  146  10:56  Refinery, Marine  
  147  10:58  SCV x2  
  147  10:59  Marine x2  
  147  11:03  Marine x2  
  153  11:10  SCV x2  
  155  11:15  Marine x2  
  155  11:18  SCV  
  158  11:22  Marine  
  158  11:23  Marine x2  
  161  11:27  Marine  
  161  11:28  Siege Tank, Marine  
  138  11:34  Marine  
  138  11:37  Marine x2  
  138  11:38  Marine  
  138  11:39  Medivac x2  
  141  11:43  SCV  
  142  11:48  Marine x3  
  142  11:49  Marine  
  142  11:50  Factory  
  142  11:54  Marine x2  
  146  11:55  Marine  
  146  12:00  Siege Tank  
  152  12:06  Planetary Fortress  
  152  12:08  Marine x2  
  152  12:09  Terran Infantry Armor Level 2, Marine, Terran Infantry Weapons Level 2  
  155  12:15  Marine  
  155  12:16  Marine  
  155  12:19  Sensor Tower  
  155  12:22  SCV x2  
  159  12:26  Marine x3  
  159  12:27  Marine  
  162  12:31  Marine x2  
  162  12:32  Siege Tank  
  162  12:33  Marine  
  153  12:37  Marine  
  153  12:44  Marine x2  
  131  12:49  Marine, SCV x3  
  131  12:51  Marine  
  131  12:55  Marine  
  131  12:59  Barracks Reactor  
  131  13:01  Marine  
  131  13:04  Siege Tank  
  130  13:12  Supply Depot  
  130  13:14  Factory Tech Lab  
  130  13:15  Marine  
  119  13:22  SCV x3  
  119  13:24  Orbital Command  
  122  13:29  Marine x3  
  122  13:30  Sensor Tower  
  125  13:36  Siege Tank, Barracks x2  
  125  13:37  Barracks x2  
  125  13:38  SCV x3  
  131  13:43  Medivac x2  
  135  13:50  SCV x3  
  135  13:52  Marine x2  
  135  13:53  Marine x3  
  135  13:55  Siege Tank, Marine x2  
  146  13:58  Terran Vehicle And Ship Armor Level 1  
  146  13:59  SCV  
  146  14:02  SCV  
  150  14:09  Siege Tank  
  153  14:10  Marine x3  
  153  14:11  SCV  
  153  14:15  Marine x2  
  159  14:18  Medivac x2  
  159  14:21  Marine x2  
  165  14:27  Siege Tank  
  147  14:34  Marine  
  147  14:37  SCV x3  
  137  14:38  Marine x3  
  137  14:40  Barracks Reactor x4  
  137  14:43  Marine  
  137  14:44  Marine x2  
  139  14:49  SCV x4  
  139  14:51  Medivac x2  
  140  14:55  Barracks Reactor  
  140  14:57  Marine  
  137  15:01  SCV x3  
  137  15:02  SCV  
  141  15:13  SCV x3  
  141  15:14  SCV  
  145  15:17  Sensor Tower, Marine x6  
  150  15:21  Marine  
  150  15:22  Marine  
  148  15:31  Marine x2  
  148  15:32  Marine  
  148  15:34  Marine x3  
  154  15:36  SCV x2  
  154  15:41  Terran Infantry Weapons Level 3  
  151  15:44  Marine x2  
  150  15:56  Marine x2  
  148  16:04  Siege Tank x2, Medivac x2  
  154  16:08  Sensor Tower, Marine x2  
  153  16:22  Marine x3  
  153  16:25  Marine x3  
  148  16:27  Marine x3  
  148  16:28  Marine  
  148  16:29  Marine  
  141  16:34  Marine x2  
  141  16:36  Marine  
  141  16:38  Marine  
  142  16:40  Marine  
  142  16:44  Marine  
  142  16:45  Marine x3  
  130  17:00  Marine x2  
  130  17:01  Marine x3  
  126  17:05  Siege Tank  
  113  17:12  Supply Depot  
  113  17:20  Marine x3  
  113  17:21  Marine x2  
  118  17:29  Terran Infantry Armor Level 3  
  113  17:36  Marine x2  
  113  17:37  Marine x2  
  117  17:53  Marine x2  
  117  17:55  Siege Tank  
  117  17:56  Siege Tank  
  115  17:58  Medivac x2  
  119  18:19  Marine x2  
  119  18:20  Marine x3  
  124  18:27  Siege Tank  
  124  18:28  Siege Tank, Terran Vehicle And Ship Armor Level 2  
  124  18:33  Marine  
  124  18:34  Marine x2  
  133  18:43  Liberator x2  
  125  18:58  Marine x2  
  125  18:59  Siege Tank  
  125  19:00  Siege Tank  
  131  19:04  Starport  
  131  19:05  Starport  
  131  19:13  Marine  
  131  19:14  Marine x4  
  134  19:19  Marine x2  
  136  19:32  Siege Tank  
  136  19:34  Siege Tank  
  135  19:57  Marine x3  
  138  20:04  Siege Tank  
  138  20:06  Siege Tank  
  144  20:15  Sensor Tower  
  144  20:27  Marine x2  
  144  20:28  Marine x2  
  133  20:29  Marine  
  133  20:30  Marine  
  127  20:36  Siege Tank  
  127  20:38  Siege Tank  
  123  20:51  SCV x2  
  123  20:55  Viking  
  123  20:56  Viking x2  
  131  20:59  Medivac  
  126  21:19  Marine  
  126  21:24  Siege Tank  
  118  21:25  Siege Tank, Marine  
  118  21:29  Marine x3  
  118  21:31  Marine  
  118  21:32  Marine x4  
  122  21:35  Marine  
  123  21:49  Marine x2  
  123  21:50  Marine x2  
  123  21:51  Marine  
  128  21:57  Marine x2  
  128  21:58  Refinery  
  130  22:05  Marine x3  
  130  22:06  Marine  
  130  22:07  Marine  
  135  22:12  Marine  
  135  22:14  Marine x2  
  132  22:26  Marine x4  
  132  22:28  Marine x2  
  132  22:29  Marine  
  120  22:40  Marine  
  120  22:41  Marine  
  120  22:42  Marine  
  120  22:44  Marine  
  113  23:17  Marine x3  
  113  23:18  Marine x3  
  98  23:23  Marine x2  
  98  23:25  Marine  
  99  23:35  Marine  
  98  23:43  Siege Tank  
  101  23:53  Marine  
  101  23:54  Marine x2  
  100  24:04  Marine x3  
  103  24:13  Marine x2  
  103  24:15  Marine  
  98  24:20  Marine  
  90  24:25  Medivac  
  89  24:31  Marine x2  
  91  24:39  Marine x3  
  71  25:13  Marine  
  71  25:14  Marine x4  
  66  25:15  Marine x3  
  66  25:16  Marine x2  
Tags
 
Add a new tag
Caveats
  • Supply blocks, unpowered buildings, or Contaminate may cause inaccurate times.
  • Supply counts are checked every 10 seconds.